Pick #1

Connor Bedard
Pick #2

Leo Carlsson
Pick #3

Adam Fantilli
Pick #4

Matvei Michkov
Pick #5

David Reinbacher
Pick #6

William Smith
Pick #7

Zachary Benson
Pick #8

Ryan Leonard
Pick #9

Gabriel Perreault
Pick #10

Axel Sandin-Pellika
Pick #11

Daniil But
Pick #12

Dalibor Dvorsky
Pick #13

Quentin Musty
Pick #14

Brayden Yager
Pick #15

Dmitry Simashev
Pick #16

Colby Barlow
Pick #17

Andrew Cristall
Pick #18

Easton Cowan
Pick #19

Jacob Fowler
Pick #20

Oliver Moore
Pick #21

Oliver Bonk
Pick #22

Tom Willander
Pick #23

Calum Ritchie
Pick #24

Tanner Molendyk
Pick #25

Gavin Brindley
Pick #26

Nate Danielson
Pick #27

Pick #28

Pick #29

Pick #30

Pick #31

Pick #32

Pick #33

Pick #34

Pick #35

Pick #36

Pick #37

Pick #38

Pick #39

Pick #40

Pick #41

Pick #42

Pick #43

Pick #44

Pick #45

Pick #46

Pick #47

Pick #48

Pick #49

Pick #50

Pick #51

Pick #52

Pick #53

Pick #54

Pick #55

Pick #56

Pick #57

Pick #58

Pick #59

Pick #60

Pick #61

Pick #62

Pick #63

Pick #64

Pick #65

Pick #66

Pick #67

Pick #68

Pick #69

Pick #70

Pick #71

Pick #72

Pick #73

Pick #74

Pick #75

Pick #76

Pick #77

Pick #78

Pick #79

Pick #80

Pick #81

Pick #82

Pick #83

Pick #84

Pick #85

Pick #86

Pick #87

Pick #88

Pick #89

Pick #90

Pick #91

Pick #92

Pick #93

Pick #94

Pick #95

Pick #96

Pick #97

Pick #98

Pick #99

Pick #100

Pick #101

Pick #102

Pick #103

Pick #104

Pick #105

Pick #106

Pick #107

Pick #108

Pick #109

Pick #110

Pick #111

Pick #112

Pick #113

Pick #114

Pick #115

Pick #116

Pick #117

Pick #118

Pick #119

Pick #120

Pick #121

Pick #122

Pick #123

Pick #124

Pick #125

Pick #126

Pick #127

Pick #128

Pick #129

Pick #130

Full Scoreboard »»

Predators vs Jets

Created - March 14, 2024 at 21:47

Goals
1 2 3 T
Predators 1 0 1 2
Jets 0 3 1 4
Shots
1 2 3 T
Predators 4 10 6 20
Jets 11 8 11 30

GoalsPenalties
1st period
1. Predators , Alex Tuch 31 (Darnell Nurse 40) at 11:05
J.T. Miller (NSH) for Delaying the game (Minor) at 1:37
Nikita Zadorov (NSH) for Tripping (Minor) at 5:32
Connor Murphy (WPG) for Fighting (Major) at 11:12
Nikita Zadorov (NSH) for Fighting (Major) at 11:12
2nd period
2. Jets , Mark Jankowski 9 (Torey Krug 28, Hampus Lindholm 39) at 3:26
3. Jets , Nate Schmidt 8 (Andre Burakovsky 31) at 7:37 (PP)
4. Jets , Oliver Bjorkstrand 23 (Nick Schmaltz 37) at 13:40
Torey Krug (WPG) for Unsportsmanlike conduct (Minor) at 0:12
J.T. Compher (NSH) for High sticking (Minor) at 7:06
3rd period
5. Predators , Tage Thompson 20 (J.T. Compher 13, Thomas Chabot 44) at 5:04
6. Jets , Nick Schmaltz 23 (Nate Schmidt 16, Andreas Athanasiou 27) at 19:49 (Empty Net)
J.T. Miller (NSH) for High sticking (Minor) at 1:19
Torey Krug (WPG) for Cross-checking (Minor) at 7:13
Yakov Trenin (NSH) for Hooking (Minor) at 16:10
Goalie Stats
Ilya Sorokin (NSH), 26 saves from 29 shots - (0.897), L, 41-15-4, 59:20 minutes
Darcy Kuemper (WPG), 18 saves from 20 shots - (0.900), W, 30-15-7, 60:00 minutes
3 StarsOfficial
1 - Nick Schmaltz (WPG)
2 - Nate Schmidt (WPG)
3 - Oliver Bjorkstrand (WPG)
Referees : Garrett Rank and Kendrick Nicholson
Linesman : Matt Brady and Brendan Lewis
Game Note
Connor Murphy and Nikita Zadorov fight to a draw at 11:12 of 1st period
Nick Schmaltz has scored in a empty net!
Finance
Level 1 -- Attendance: 4993 (83.22%) -- Ticket Income $674,055
Level 2 -- Attendance: 3004 (60.08%) -- Ticket Income $375,500
Level 3 -- Attendance: 1680 (76.36%) -- Ticket Income $201,600
Level 4 -- Attendance: 998 (98.23%) -- Ticket Income $114,770
Luxury Box -- Attendance: 473 (59.13%) -- Ticket Income $165,550
Game was played at the Canada Life Center.
Total Attendance: 11148 (74.24%)
Total Ticket Income: $1,531,475
Other Income: $382,869
Total Income: $1,914,344



Team Name Goals Shots Shots Attemp Shots Blocked PIM HIT PP PK FO%
Predators 22040815260 / 2 (0%)145%
Jets 4305339211 / 5 (20%)055%

Predators
Player Name POS G A P +/- PIM HIT SHT SB MP PP MP PP SHT PK MP PK SHT FO% FOT
Alex TuchRW101-1004017:282:1510:000100% 1
Bo HorvatC000-1004116:561:4300:00045% 20
Brandon CarloD000-1071123:071:4313:1400% 0
Cal ClutterbuckRW000000018:260:0002:1400% 1
Colton SissonsC0000000111:580:0005:46062% 13
Darnell NurseD0110031222:461:4303:4100% 0
Gabriel VilardiRW000-1001013:380:0000:0000% 0
J.T. CompherLW0111210018:150:0005:44033% 3
J.T. MillerC000-1442016:391:5621:07035% 20
Jake McCabeD0000020018:060:1905:4600% 0
Kyle ConnorLW000-2003016:201:4300:37033% 3
Lucas RaymondLW0000031016:341:4300:0000% 0
Nikita ZadorovD0000710014:190:0004:1300% 0
Roman JosiD000-1010120:541:5600:0000% 0
Tage ThompsonC1011002012:320:0000:00050% 14
Taylor HallLW0001041014:472:1500:0000% 1
Thomas ChabotD0110000120:462:1500:0000% 0
Yakov TreninC000020007:560:1901:2600% 0
Jets
Player Name POS G A P +/- PIM HIT SHT SB MP PP MP PP SHT PK MP PK SHT FO% FOT
Andre BurakovskyLW0111012020:284:0800:3200% 2
Andreas AthanasiouC0110015017:554:1900:38060% 5
Connor MurphyD000-1531116:500:0002:3000% 0
Darren HelmC000001008:200:0000:00043% 7
Garnet HathawayRW000-1031015:110:0002:3500% 0
Gustav NyquistC0000003020:054:1902:48048% 21
Hampus LindholmD0112012026:474:2801:3000% 0
Jake BeanD000-1000022:334:4302:0400% 0
Joe VelenoC0000030010:290:0000:0000% 1
Kieffer BellowsLW000002008:200:0000:000100% 1
Mark JankowskiC1010002011:070:0000:38080% 10
Matt GrzelcykD0000000011:370:0000:1200% 0
Nate SchmidtD1121021117:313:5911:4000% 0
Nick SchmaltzC1122025021:034:0810:45058% 26
Oliver BjorkstrandRW1011025019:564:0800:000100% 2
Oskar SundqvistC000000108:200:0000:0000% 0
Thomas NovakC0000002014:484:1910:0000% 1
Torey KrugD0111400124:393:4400:0000% 0



Play-by-Play

1st period


0:01 of 1st period - Nick Schmaltz wins face-off versus Bo Horvat in neutral zone.
0:01 of 1st period - Oliver Bjorkstrand is hit by Lucas Raymond and loses puck.
0:14 of 1st period - Shot by Oliver Bjorkstrand.
0:14 of 1st period - Stopped by Ilya Sorokin with a rebound.
0:17 of 1st period - Oliver Bjorkstrand is hit by Brandon Carlo and loses puck.
0:31 of 1st period - Nick Schmaltz is hit by Brandon Carlo and loses puck.
0:34 of 1st period - Shot by Andre Burakovsky.
0:34 of 1st period - Shot Blocked by Brandon Carlo.
0:36 of 1st period - Shot by Andre Burakovsky.
0:36 of 1st period - Shot Misses the Net.
1:06 of 1st period - Shot by Andreas Athanasiou.
1:06 of 1st period - Stopped by Ilya Sorokin with a rebound.
1:08 of 1st period - Shot by Connor Murphy.
1:08 of 1st period - Shot Misses the Net.
1:12 of 1st period - Shot by Gustav Nyquist.
1:12 of 1st period - Deflect By Andreas Athanasiou.
1:12 of 1st period - Shot Misses the Net.
1:14 of 1st period - Shot by Garnet Hathaway.
1:14 of 1st period - Shot Misses the Net.
1:28 of 1st period - Shot by Andreas Athanasiou.
1:28 of 1st period - Stopped by Ilya Sorokin without a rebound.
1:29 of 1st period - J.T. Miller wins face-off versus Thomas Novak in Predators zone.
1:37 of 1st period - Minor Penalty to J.T. Miller for Delaying the game.
1:38 of 1st period - Colton Sissons wins face-off versus Nick Schmaltz in Predators zone.
3:52 of 1st period - Shot by Kieffer Bellows.
3:52 of 1st period - Deflect By Oskar Sundqvist.
3:52 of 1st period - Shot Misses the Net.
4:25 of 1st period - Roman Josi is hit by Darren Helm and loses puck.
4:51 of 1st period - Shot by Nick Schmaltz.
4:51 of 1st period - Stopped by Ilya Sorokin with a rebound.
5:24 of 1st period - Connor Murphy is hit by Jake McCabe and loses puck.
5:29 of 1st period - Shot by Thomas Novak.
5:29 of 1st period - Shot Blocked by Cal Clutterbuck.
5:31 of 1st period - Shot by Mark Jankowski.
5:31 of 1st period - Shot Blocked by Colton Sissons.
5:32 of 1st period - Minor Penalty to Nikita Zadorov for Tripping.
5:33 of 1st period - Andreas Athanasiou wins face-off versus Colton Sissons in Predators zone.
6:28 of 1st period - Jake McCabe is hit by Oliver Bjorkstrand and loses puck.
6:44 of 1st period - Icing by Hampus Lindholm.
6:45 of 1st period - J.T. Compher wins face-off versus Nick Schmaltz in Jets zone.
6:55 of 1st period - Icing by Hampus Lindholm.
6:56 of 1st period - Oliver Bjorkstrand wins face-off versus J.T. Miller in Jets zone.
7:37 of 1st period - Shot by Oskar Sundqvist.
7:37 of 1st period - Stopped by Ilya Sorokin without a rebound.
7:38 of 1st period - Gustav Nyquist wins face-off versus Bo Horvat in Predators zone.
8:07 of 1st period - Shot by Bo Horvat.
8:07 of 1st period - Shot Misses the Net.
8:19 of 1st period - Shot by Bo Horvat.
8:19 of 1st period - Stopped by Darcy Kuemper with a rebound.
9:03 of 1st period - Shot by Thomas Novak.
9:03 of 1st period - Deflect By Mark Jankowski.
9:03 of 1st period - Stopped by Ilya Sorokin without a rebound.
9:04 of 1st period - Oliver Bjorkstrand wins face-off versus Tage Thompson in Predators zone.
9:38 of 1st period - Shot by Tage Thompson.
9:38 of 1st period - Shot Misses the Net.
10:43 of 1st period - Icing by Colton Sissons.
10:44 of 1st period - Gustav Nyquist wins face-off versus Colton Sissons in Predators zone.
10:46 of 1st period - Andreas Athanasiou is hit by Roman Josi and loses puck.
11:05 of 1st period - Shot by Alex Tuch.
11:05 of 1st period - Goal by Alex Tuch - Predators : 1 - Jets : 0.
11:06 of 1st period - Darren Helm wins face-off versus Tage Thompson in neutral zone.
11:12 of 1st period - Connor Murphy and Nikita Zadorov fight to a draw.
11:12 of 1st period - Penalty to Connor Murphy for Fighting.
11:12 of 1st period - Penalty to Nikita Zadorov for Fighting.
11:13 of 1st period - Nick Schmaltz wins face-off versus J.T. Compher in neutral zone.
11:13 of 1st period - Torey Krug is hit by Taylor Hall and loses puck.
11:46 of 1st period - Shot by Oliver Bjorkstrand.
11:46 of 1st period - Stopped by Ilya Sorokin without a rebound.
11:47 of 1st period - Alex Tuch wins face-off versus Gustav Nyquist in Predators zone.
11:57 of 1st period - Icing by Torey Krug.
11:58 of 1st period - J.T. Miller wins face-off versus Gustav Nyquist in Jets zone.
12:13 of 1st period - Shot by Andreas Athanasiou.
12:13 of 1st period - Shot Misses the Net.
12:23 of 1st period - Gustav Nyquist is hit by J.T. Miller and loses puck.
12:29 of 1st period - Icing by Gustav Nyquist.
12:30 of 1st period - Gustav Nyquist wins face-off versus Tage Thompson in Jets zone.
12:30 of 1st period - Andreas Athanasiou is hit by J.T. Compher.
12:33 of 1st period - Garnet Hathaway is hit by Jake McCabe and loses puck.
13:16 of 1st period - Shot by Andre Burakovsky.
13:16 of 1st period - Shot Misses the Net.
13:18 of 1st period - Shot by Oliver Bjorkstrand.
13:18 of 1st period - Stopped by Ilya Sorokin with a rebound.
13:22 of 1st period - Shot by Nick Schmaltz.
13:22 of 1st period - Shot Misses the Net.
13:36 of 1st period - Shot by Oliver Bjorkstrand.
13:36 of 1st period - Stopped by Ilya Sorokin without a rebound.
13:37 of 1st period - Kieffer Bellows wins face-off versus Bo Horvat in Predators zone.
13:47 of 1st period - Oskar Sundqvist is hit by Darnell Nurse and loses puck.
14:09 of 1st period - Off-side.
14:10 of 1st period - Mark Jankowski wins face-off versus J.T. Miller in neutral zone.
14:23 of 1st period - Roman Josi is hit by Joe Veleno and loses puck.
14:28 of 1st period - Nate Schmidt is hit by J.T. Miller.
14:41 of 1st period - Icing by Roman Josi.
14:42 of 1st period - Nick Schmaltz wins face-off versus J.T. Miller in Predators zone.
15:40 of 1st period - Tage Thompson is hit by Hampus Lindholm and loses puck.
16:00 of 1st period - Shot by Tage Thompson.
16:00 of 1st period - Stopped by Darcy Kuemper without a rebound.
16:01 of 1st period - Gustav Nyquist wins face-off versus Bo Horvat in Jets zone.
16:10 of 1st period - Shot by Alex Tuch.
16:10 of 1st period - Shot Misses the Net.
16:12 of 1st period - Shot by Alex Tuch.
16:12 of 1st period - Stopped by Darcy Kuemper without a rebound.
16:13 of 1st period - Darren Helm wins face-off versus Cal Clutterbuck in Jets zone.
17:04 of 1st period - Icing by Jake McCabe.
17:05 of 1st period - Colton Sissons wins face-off versus Gustav Nyquist in Predators zone.
17:19 of 1st period - Gustav Nyquist is hit by Brandon Carlo and loses puck.
18:15 of 1st period - Shot by Joe Veleno.
18:15 of 1st period - Shot Misses the Net.
18:17 of 1st period - Shot by Connor Murphy.
18:17 of 1st period - Stopped by Ilya Sorokin without a rebound.
18:18 of 1st period - Nick Schmaltz wins face-off versus Tage Thompson in Predators zone.
18:31 of 1st period - Shot by Andre Burakovsky.
18:31 of 1st period - Stopped by Ilya Sorokin without a rebound.
18:32 of 1st period - Darren Helm wins face-off versus J.T. Miller in Predators zone.
19:12 of 1st period - Darren Helm is hit by J.T. Miller and loses puck.
19:47 of 1st period - Shot by Tage Thompson.
19:47 of 1st period - Shot Misses the Net.
Goals for this period are 1 for Predators vs 0 for Jets.
Shots for this period are 4 for Predators vs 11 for Jets.

2nd period


0:01 of 2nd period - Bo Horvat wins face-off versus Gustav Nyquist in neutral zone.
0:01 of 2nd period - Bo Horvat is hit by Garnet Hathaway.
0:12 of 2nd period - Minor Penalty to Torey Krug for Unsportsmanlike conduct.
0:13 of 2nd period - J.T. Miller wins face-off versus Gustav Nyquist in Jets zone.
0:16 of 2nd period - Shot by Roman Josi.
0:16 of 2nd period - Shot Misses the Net.
0:26 of 2nd period - Shot by Alex Tuch.
0:26 of 2nd period - Stopped by Darcy Kuemper without a rebound.
0:27 of 2nd period - Bo Horvat wins face-off versus Gustav Nyquist in Jets zone.
0:52 of 2nd period - Kyle Connor is hit by Nate Schmidt and loses puck.
1:01 of 2nd period - Shot by Brandon Carlo.
1:01 of 2nd period - Stopped by Darcy Kuemper with a rebound.
1:49 of 2nd period - Off-side.
1:50 of 2nd period - J.T. Miller wins face-off versus Gustav Nyquist in neutral zone.
1:50 of 2nd period - J.T. Miller is hit by Garnet Hathaway.
1:57 of 2nd period - J.T. Miller is hit by Connor Murphy and loses puck.
2:08 of 2nd period - Shot by J.T. Miller.
2:08 of 2nd period - Stopped by Darcy Kuemper with a rebound.
2:10 of 2nd period - Shot by J.T. Miller.
2:10 of 2nd period - Stopped by Darcy Kuemper with a rebound.
3:05 of 2nd period - Off-side.
3:06 of 2nd period - Mark Jankowski wins face-off versus J.T. Miller in neutral zone.
3:26 of 2nd period - Shot by Mark Jankowski.
3:26 of 2nd period - Goal by Mark Jankowski - Predators : 1 - Jets : 1.
3:27 of 2nd period - Bo Horvat wins face-off versus Darren Helm in neutral zone.
4:04 of 2nd period - Shot by Lucas Raymond.
4:04 of 2nd period - Shot Misses the Net.
4:06 of 2nd period - Shot by Roman Josi.
4:06 of 2nd period - Shot Misses the Net.
4:08 of 2nd period - Shot by Bo Horvat.
4:08 of 2nd period - Stopped by Darcy Kuemper with a rebound.
4:31 of 2nd period - Jake Bean is hit by Taylor Hall and loses puck.
5:07 of 2nd period - Icing by Darnell Nurse.
5:08 of 2nd period - Tage Thompson wins face-off versus Gustav Nyquist in Predators zone.
5:08 of 2nd period - Tage Thompson is hit by Garnet Hathaway.
5:26 of 2nd period - Shot by Andreas Athanasiou.
5:26 of 2nd period - Shot Blocked by Darnell Nurse.
5:32 of 2nd period - Shot by Andreas Athanasiou.
5:32 of 2nd period - Stopped by Ilya Sorokin without a rebound.
5:33 of 2nd period - Bo Horvat wins face-off versus Andre Burakovsky in Predators zone.
5:33 of 2nd period - Bo Horvat is hit by Andre Burakovsky.
5:56 of 2nd period - Icing by Roman Josi.
5:57 of 2nd period - Gustav Nyquist wins face-off versus Bo Horvat in Predators zone.
6:06 of 2nd period - Garnet Hathaway is hit by Lucas Raymond and loses puck.
6:15 of 2nd period - Shot by Gustav Nyquist.
6:15 of 2nd period - Deflect By Andreas Athanasiou.
6:15 of 2nd period - Shot Blocked by Roman Josi.
6:29 of 2nd period - Andreas Athanasiou is hit by Lucas Raymond and loses puck.
6:58 of 2nd period - Shot by J.T. Miller.
6:58 of 2nd period - Shot Misses the Net.
7:02 of 2nd period - Shot by Kyle Connor.
7:02 of 2nd period - Stopped by Darcy Kuemper without a rebound.
7:03 of 2nd period - Nick Schmaltz wins face-off versus Tage Thompson in Jets zone.
7:03 of 2nd period - Nick Schmaltz is hit by Taylor Hall.
7:06 of 2nd period - Minor Penalty to J.T. Compher for High sticking.
7:07 of 2nd period - Nick Schmaltz wins face-off versus Colton Sissons in Predators zone.
7:07 of 2nd period - Nick Schmaltz is hit by Nikita Zadorov.
7:11 of 2nd period - Shot by Nick Schmaltz.
7:11 of 2nd period - Stopped by Ilya Sorokin without a rebound.
7:12 of 2nd period - Kyle Connor wins face-off versus Nick Schmaltz in Predators zone.
7:37 of 2nd period - Shot by Nate Schmidt.
7:37 of 2nd period - Goal by Nate Schmidt - Predators : 1 - Jets : 2.
7:38 of 2nd period - Mark Jankowski wins face-off versus Taylor Hall in neutral zone.
8:24 of 2nd period - Icing by Hampus Lindholm.
8:25 of 2nd period - Mark Jankowski wins face-off versus J.T. Miller in Jets zone.
9:05 of 2nd period - Off-side.
9:06 of 2nd period - Bo Horvat wins face-off versus Gustav Nyquist in neutral zone.
9:42 of 2nd period - Icing by Bo Horvat.
9:43 of 2nd period - Nick Schmaltz wins face-off versus Bo Horvat in Predators zone.
9:44 of 2nd period - Shot by Andre Burakovsky.
9:44 of 2nd period - Stopped by Ilya Sorokin without a rebound.
9:45 of 2nd period - Nick Schmaltz wins face-off versus J.T. Miller in Predators zone.
11:01 of 2nd period - Shot by Lucas Raymond.
11:01 of 2nd period - Shot Misses the Net.
11:25 of 2nd period - Shot by Lucas Raymond.
11:25 of 2nd period - Stopped by Darcy Kuemper with a rebound.
11:27 of 2nd period - Shot by Bo Horvat.
11:27 of 2nd period - Stopped by Darcy Kuemper with a rebound.
11:43 of 2nd period - Gustav Nyquist is hit by Taylor Hall and loses puck.
11:48 of 2nd period - Shot by Taylor Hall.
11:48 of 2nd period - Stopped by Darcy Kuemper with a rebound.
12:28 of 2nd period - Matt Grzelcyk is hit by Darnell Nurse and loses puck.
12:45 of 2nd period - Nate Schmidt is hit by Darnell Nurse and loses puck.
13:15 of 2nd period - Off-side.
13:16 of 2nd period - Bo Horvat wins face-off versus Darren Helm in neutral zone.
13:32 of 2nd period - Icing by Brandon Carlo.
13:33 of 2nd period - Nick Schmaltz wins face-off versus Bo Horvat in Predators zone.
13:38 of 2nd period - Shot by Oliver Bjorkstrand.
13:38 of 2nd period - Shot Misses the Net.
13:40 of 2nd period - Shot by Oliver Bjorkstrand.
13:40 of 2nd period - Goal by Oliver Bjorkstrand - Predators : 1 - Jets : 3.
13:41 of 2nd period - Nick Schmaltz wins face-off versus Tage Thompson in neutral zone.
13:59 of 2nd period - Icing by Nikita Zadorov.
14:00 of 2nd period - Gustav Nyquist wins face-off versus J.T. Compher in Predators zone.
14:09 of 2nd period - Shot by Andreas Athanasiou.
14:09 of 2nd period - Stopped by Ilya Sorokin without a rebound.
14:10 of 2nd period - Nick Schmaltz wins face-off versus J.T. Miller in Predators zone.
14:35 of 2nd period - Shot by J.T. Miller.
14:35 of 2nd period - Shot Misses the Net.
14:43 of 2nd period - Shot by Kyle Connor.
14:43 of 2nd period - Deflect By Gabriel Vilardi.
14:43 of 2nd period - Shot Blocked by Torey Krug.
14:45 of 2nd period - Shot by Roman Josi.
14:45 of 2nd period - Shot Misses the Net.
14:47 of 2nd period - Shot by Roman Josi.
14:47 of 2nd period - Shot Misses the Net.
15:21 of 2nd period - Shot by Bo Horvat.
15:21 of 2nd period - Stopped by Darcy Kuemper with a rebound.
15:45 of 2nd period - Shot by Lucas Raymond.
15:45 of 2nd period - Deflect By Bo Horvat.
15:45 of 2nd period - Shot Blocked by Connor Murphy.
15:56 of 2nd period - Off-side.
15:57 of 2nd period - Mark Jankowski wins face-off versus Tage Thompson in neutral zone.
16:10 of 2nd period - Shot by Thomas Novak.
16:10 of 2nd period - Stopped by Ilya Sorokin without a rebound.
16:11 of 2nd period - J.T. Miller wins face-off versus Darren Helm in Predators zone.
16:11 of 2nd period - Roman Josi is hit by Kieffer Bellows and loses puck.
16:31 of 2nd period - Hampus Lindholm is hit by Brandon Carlo and loses puck.
17:01 of 2nd period - Roman Josi is hit by Kieffer Bellows and loses puck.
17:37 of 2nd period - Shot by J.T. Compher.
17:37 of 2nd period - Shot Misses the Net.
18:01 of 2nd period - Thomas Chabot is hit by Nick Schmaltz and loses puck.
18:07 of 2nd period - Darnell Nurse is hit by Oliver Bjorkstrand and loses puck.
18:29 of 2nd period - Bo Horvat is hit by Joe Veleno.
18:43 of 2nd period - Shot by Alex Tuch.
18:43 of 2nd period - Shot Blocked by Nate Schmidt.
18:52 of 2nd period - Lucas Raymond is hit by Nate Schmidt and loses puck.
19:53 of 2nd period - Icing by Torey Krug.
19:54 of 2nd period - Gustav Nyquist wins face-off versus J.T. Miller in Jets zone.
Goals for this period are 0 for Predators vs 3 for Jets.
Shots for this period are 10 for Predators vs 8 for Jets.

3rd period


0:01 of 3rd period - Nick Schmaltz wins face-off versus Bo Horvat in neutral zone.
0:13 of 3rd period - Icing by Darnell Nurse.
0:14 of 3rd period - Gustav Nyquist wins face-off versus Bo Horvat in Predators zone.
0:35 of 3rd period - Shot by Gustav Nyquist.
0:35 of 3rd period - Stopped by Ilya Sorokin with a rebound.
0:41 of 3rd period - Shot by Andreas Athanasiou.
0:41 of 3rd period - Shot Blocked by Thomas Chabot.
0:43 of 3rd period - Shot by Hampus Lindholm.
0:43 of 3rd period - Stopped by Ilya Sorokin without a rebound.
0:44 of 3rd period - Tage Thompson wins face-off versus Andre Burakovsky in Predators zone.
1:14 of 3rd period - Shot by J.T. Compher.
1:14 of 3rd period - Shot Misses the Net.
1:17 of 3rd period - Icing by Connor Murphy.
1:18 of 3rd period - Nick Schmaltz wins face-off versus J.T. Miller in Jets zone.
1:18 of 3rd period - Nick Schmaltz is hit by J.T. Miller.
1:19 of 3rd period - Minor Penalty to J.T. Miller for High sticking.
1:20 of 3rd period - Andreas Athanasiou wins face-off versus Colton Sissons in Predators zone.
1:23 of 3rd period - Shot by Torey Krug.
1:23 of 3rd period - Shot Misses the Net.
1:25 of 3rd period - Shot by Thomas Novak.
1:25 of 3rd period - Stopped by Ilya Sorokin without a rebound.
1:26 of 3rd period - Colton Sissons wins face-off versus Andreas Athanasiou in Predators zone.
1:26 of 3rd period - J.T. Compher is hit by Andreas Athanasiou and loses puck.
2:21 of 3rd period - Icing by Jake Bean.
2:22 of 3rd period - Colton Sissons wins face-off versus Nick Schmaltz in Jets zone.
3:44 of 3rd period - Shot by Kyle Connor.
3:44 of 3rd period - Stopped by Darcy Kuemper without a rebound.
3:45 of 3rd period - Bo Horvat wins face-off versus Gustav Nyquist in Jets zone.
3:47 of 3rd period - Alex Tuch is hit by Connor Murphy and loses puck.
4:00 of 3rd period - Shot by Gustav Nyquist.
4:00 of 3rd period - Stopped by Ilya Sorokin without a rebound.
4:01 of 3rd period - Mark Jankowski wins face-off versus J.T. Miller in Predators zone.
4:05 of 3rd period - Icing by J.T. Miller.
4:06 of 3rd period - J.T. Miller wins face-off versus Nick Schmaltz in Predators zone.
4:28 of 3rd period - Icing by Oliver Bjorkstrand.
4:29 of 3rd period - Nick Schmaltz wins face-off versus Bo Horvat in Jets zone.
4:44 of 3rd period - Shot by Oliver Bjorkstrand.
4:44 of 3rd period - Deflect By Nick Schmaltz.
4:44 of 3rd period - Stopped by Ilya Sorokin without a rebound.
4:45 of 3rd period - Tage Thompson wins face-off versus Joe Veleno in Predators zone.
4:55 of 3rd period - Tage Thompson is hit by Connor Murphy and loses puck.
5:04 of 3rd period - Shot by Tage Thompson.
5:04 of 3rd period - Goal by Tage Thompson - Predators : 2 - Jets : 3.
5:05 of 3rd period - Bo Horvat wins face-off versus Gustav Nyquist in neutral zone.
5:24 of 3rd period - Shot by Alex Tuch.
5:24 of 3rd period - Stopped by Darcy Kuemper without a rebound.
5:25 of 3rd period - Tage Thompson wins face-off versus Nick Schmaltz in Jets zone.
5:42 of 3rd period - Darnell Nurse is hit by Nick Schmaltz and loses puck.
5:58 of 3rd period - Shot by Nick Schmaltz.
5:58 of 3rd period - Stopped by Ilya Sorokin without a rebound.
5:59 of 3rd period - Mark Jankowski wins face-off versus Kyle Connor in Predators zone.
6:59 of 3rd period - Thomas Chabot is hit by Joe Veleno and loses puck.
7:13 of 3rd period - Minor Penalty to Torey Krug for Cross-checking.
7:14 of 3rd period - Gustav Nyquist wins face-off versus J.T. Miller in Jets zone.
9:07 of 3rd period - Shot by Jake McCabe.
9:07 of 3rd period - Shot Misses the Net.
10:01 of 3rd period - Off-side.
10:02 of 3rd period - Tage Thompson wins face-off versus Nick Schmaltz in neutral zone.
10:38 of 3rd period - Oliver Bjorkstrand is hit by Brandon Carlo and loses puck.
10:54 of 3rd period - Off-side.
10:55 of 3rd period - Gustav Nyquist wins face-off versus Bo Horvat in neutral zone.
11:08 of 3rd period - Shot by Andreas Athanasiou.
11:08 of 3rd period - Shot Blocked by Darnell Nurse.
11:10 of 3rd period - Shot by Garnet Hathaway.
11:10 of 3rd period - Shot Misses the Net.
11:22 of 3rd period - Shot by Gustav Nyquist.
11:22 of 3rd period - Shot Blocked by Bo Horvat.
11:24 of 3rd period - Shot by Garnet Hathaway.
11:24 of 3rd period - Shot Misses the Net.
11:26 of 3rd period - Shot by Garnet Hathaway.
11:26 of 3rd period - Stopped by Ilya Sorokin without a rebound.
11:27 of 3rd period - J.T. Miller wins face-off versus Mark Jankowski in Predators zone.
12:10 of 3rd period - Shot by Kyle Connor.
12:10 of 3rd period - Stopped by Darcy Kuemper without a rebound.
12:11 of 3rd period - Bo Horvat wins face-off versus Nick Schmaltz in Jets zone.
13:26 of 3rd period - Shot by Andreas Athanasiou.
13:26 of 3rd period - Stopped by Ilya Sorokin without a rebound.
13:27 of 3rd period - Mark Jankowski wins face-off versus J.T. Miller in Predators zone.
13:27 of 3rd period - Nate Schmidt is hit by Brandon Carlo and loses puck.
14:15 of 3rd period - Icing by Nate Schmidt.
14:16 of 3rd period - Tage Thompson wins face-off versus Mark Jankowski in Jets zone.
14:17 of 3rd period - Shot by Taylor Hall.
14:17 of 3rd period - Shot Misses the Net.
14:35 of 3rd period - Shot by Garnet Hathaway.
14:35 of 3rd period - Shot Misses the Net.
14:37 of 3rd period - Shot by Gustav Nyquist.
14:37 of 3rd period - Stopped by Ilya Sorokin with a rebound.
15:01 of 3rd period - Shot by Hampus Lindholm.
15:01 of 3rd period - Stopped by Ilya Sorokin with a rebound.
15:37 of 3rd period - Icing by Thomas Chabot.
15:38 of 3rd period - Colton Sissons wins face-off versus Nick Schmaltz in Predators zone.
15:40 of 3rd period - Icing by Darnell Nurse.
15:41 of 3rd period - Colton Sissons wins face-off versus Nick Schmaltz in Predators zone.
15:43 of 3rd period - Icing by Thomas Chabot.
15:44 of 3rd period - Colton Sissons wins face-off versus Nick Schmaltz in Predators zone.
16:10 of 3rd period - Minor Penalty to Yakov Trenin for Hooking.
16:11 of 3rd period - Andreas Athanasiou wins face-off versus Colton Sissons in Predators zone.
17:00 of 3rd period - Icing by Andreas Athanasiou.
17:01 of 3rd period - Colton Sissons wins face-off versus Andreas Athanasiou in Jets zone.
18:10 of 3rd period - Hampus Lindholm is hit by Brandon Carlo.
19:09 of 3rd period - Predators, Ilya Sorokin is pulled from the net.
19:23 of 3rd period - Shot by Gabriel Vilardi.
19:23 of 3rd period - Stopped by Darcy Kuemper with a rebound.
19:25 of 3rd period - Shot by J.T. Miller.
19:25 of 3rd period - Shot Misses the Net.
19:27 of 3rd period - Shot by Darnell Nurse.
19:27 of 3rd period - Stopped by Darcy Kuemper without a rebound.
19:28 of 3rd period - Nick Schmaltz wins face-off versus Kyle Connor in Jets zone.
19:47 of 3rd period - Shot by Nate Schmidt.
19:47 of 3rd period - Shot Misses the Net.
19:49 of 3rd period - Shot by Nick Schmaltz.
19:49 of 3rd period - Goal by Nick Schmaltz - Predators : 2 - Jets : 4.
19:49 of 3rd period - Ilya Sorokin from Predators was sent back in the game.
19:50 of 3rd period - Tage Thompson wins face-off versus Darren Helm in neutral zone.
Goals for this period are 1 for Predators vs 1 for Jets.
Shots for this period are 6 for Predators vs 11 for Jets.